 Dungeon Crawl Stone Soup version 0.29-a0-284-gf9362112df (webtiles) character file.

Game seed: 10900331271630798511

59 soylentgreeen202 the Ruffian (level 3, 0/28 HPs)
             Began as a Demigod Transmuter on Mar 26, 2022.
             Slain by an adder (1 damage)
             ... on level 3 of the Dungeon.
             The game lasted 00:15:16 (3141 turns).

soylentgreeen202 the Ruffian (Demigod Transmuter)   Turns: 3141, Time: 00:15:16

Health: 0/28       AC:  4    Str: 15    XL:     3   Next: 54%
Magic:  8/8        EV: 12    Int: 15    God:
Gold:   115        SH:  0    Dex: 14    Spells: 3/6 levels left

rFire   . . .      SeeInvis .   q - +0 short sword
rCold   . . .      Faith    .   (no shield)
rNeg    . . .      Spirit   .   a - +0 robe
rPois   .          Reflect  .   (no helmet)
rElec   .          Harm     .   h - +1 cloak {Stlth+}
rCorr   .          Rampage  .   (no gloves)
Will    .....                   (no boots)
Stlth   ++........              (no amulet)
HPRegen 0.09/turn               (no ring)
MPRegen 0.11/turn               (no ring)

@: lethally poisoned (0 -> -4)
A: high MP 1, forlorn, divine attributes
a: no special abilities


You were on level 3 of the Dungeon.
You visited 1 branch of the dungeon, and saw 3 of its levels.

You collected 115 gold pieces.

Inventory:

Hand Weapons
 e - a +0 club
 q - a +0 short sword (weapon)
Armour
 a - a +0 robe (worn)
 h - a +1 cloak of stealth (worn)
Scrolls
 f - a scroll of brand weapon {unknown}
 g - 3 scrolls of teleportation {unknown}
 i - a scroll of summoning {unknown}
 j - 3 scrolls of identify {unknown}
 l - a scroll of amnesia {unknown}
 p - a scroll of vulnerability {unknown}
 r - a scroll of noise {unknown}
Potions
 b - a potion of lignification
 c - a potion of heal wounds {unknown}
 d - 5 potions of curing {unknown}
 k - a potion of invisibility {unknown}
 m - 2 potions of mutation {unknown}
 n - a potion of attraction {unknown}
 o - a potion of might {unknown}


   Skills:
 - Level 1.0 Fighting
 + Level 0.1 Maces & Flails
 - Level 2.0 Dodging
 - Level 3.3 Unarmed Combat
 - Level 2.0 Spellcasting
 * Level 2.9 Transmutations


You had 3 spell levels left.
You knew the following spells:

 Your Spells              Type           Power      Damage    Failure   Level
a - Beastly Appendage     Tmut           20%        N/A       7%          1
b - Wereblood             Tmut           10%        N/A       10%         2

Your spell library contained the following spells:

 Spells                   Type           Power      Damage    Failure   Level
 Spider Form              Tmut/Pois      5%         N/A       36%         3
 Dazzling Flash           Conj/Hex       2%         N/A       54%         3
 Ice Form                 Ice/Tmut       5%         N/A       77%         4
 Iskenderun's Mystic Bla  Conj/Tloc      1%         2d3       91%         4
 Summon Lightning Spire   Summ/Air       1%         N/A       91%         4
 Starburst                Conj/Fire      0%         6d3       100%        6
 Storm Form               Tmut/Air       2%         N/A       100%        7
 Maxwell's Capacitive Co  Air            0%         ∞         100%        8


Dungeon Overview and Level Annotations

Branches:
Dungeon (3/15)


Innate Abilities, Weirdness & Mutations

You have an increased reservoir of magic. (+10% MP)
You shall have no god before yourself.
Your divine heritage dramatically boosts your attributes as you level up.


Message History

Confirm with . or Enter, or press ? or * to list all spells.
You grow a pair of large bovine horns.
Your feet morph into talons.
Your transformation is almost over.
Found a stone staircase leading up.
The adder barely misses you. The adder bites you.
You are poisoned.
The adder poisons you!
You barely miss the adder. You claw the adder. Your headbutt misses the adder.
The adder is heavily wounded.
You feel sick. The adder bites you.
You barely miss the adder.
The adder is heavily wounded.
You feel sick. The adder misses you. The adder closely misses you.
You closely miss the adder. Your kick misses the adder.
The adder is heavily wounded.
You feel sick. The adder bites you.
You are more poisoned.
The adder poisons you!
You hit the adder. Your kick misses the adder.
The adder is heavily wounded.
You feel sick. The adder closely misses you.
You hit the adder. Your headbutt misses the adder.
The adder is severely wounded.
You feel sick. The adder closely misses you. The adder misses you.
You closely miss the adder. You claw the adder. Your headbutt misses the adder.
The adder is almost dead.
You feel sick. The adder bites you.
You are more poisoned.
The adder poisons you!
You barely miss the adder.
The adder is almost dead.
Your horns disappear.
Your talons disappear.
* * * LOW HITPOINT WARNING * * *
You feel sick. The adder bites you but does no damage. The adder bites you.
* * * LOW HITPOINT WARNING * * *
You barely miss the adder.
The adder is almost dead.
* * * LOW HITPOINT WARNING * * *
You feel sick. The adder bites you.
You die...

### #≈
#<# #.#
#.# #.#
#.# #.#
#.# #@#
....<.S.#
####.....
#######


You could see an adder.

Vanquished Creatures
  An adder (D:1)
  2 dart slugs
  6 endoplasms
  A giant cockroach (D:1)
  6 goblins
  3 hobgoblins
  2 jackals (D:1)
  3 kobolds
  2 quokkas (D:1)
  6 ball pythons
  4 bats
  5 frilled lizards
  A rat (D:2)
42 creatures vanquished.

Vanquished Creatures (others)
  A fungus (D:1)
1 creature vanquished.

Grand Total: 43 creatures vanquished

Notes
Turn   | Place    | Note
-------+----------+-------------------------------------------
     0 | D:1      | soylentgreeen202 the Demigod Transmuter began the quest for
                  | the Orb.
     0 | D:1      | Reached XP level 1. HP: 15/15 MP: 5/5
     2 | D:1      | Noticed a formicid
     2 | D:1      | Noticed an octopode
     4 | D:1      | Noticed a gargoyle
     4 | D:1      | Noticed a demigod
     6 | D:1      | Noticed a draconian
     8 | D:1      | Noticed an elf
     8 | D:1      | Noticed a vampire
    10 | D:1      | Noticed a troll
    12 | D:1      | Noticed a dwarf
    14 | D:1      | Noticed a naga
    14 | D:1      | Noticed a tengu
    16 | D:1      | Noticed a minotaur
    16 | D:1      | Noticed a ghoul
    20 | D:1      | Noticed a merfolk
    20 | D:1      | Noticed a demonspawn
    22 | D:1      | Noticed an ogre
    22 | D:1      | Noticed a spriggan
    24 | D:1      | Noticed a felid
    24 | D:1      | Noticed a vine stalker
    26 | D:1      | Noticed a human
   135 | D:1      | Reached skill level 1 in Fighting
   305 | D:1      | Reached XP level 2. HP: 17/23 MP: 7/7
   698 | D:1      | Reached skill level 3 in Unarmed Combat
  1052 | D:1      | Learned a level 2 spell: Wereblood
  1557 | D:1      | Reached XP level 3. HP: 24/28 MP: 6/8
  3141 | D:3      | HP: 1/28 [poisoned by an adder]
  3141 | D:3      | Slain by an adder

Illustrated notes

Levels and vault maps discovered:
D:1:      kb_arrival_jail, layout_loops_corners,
          shapermc_ecumenical_altar_mp_urbaneastern
D:2:      layout_basic, minmay_tetromino_o4
D:3:      layout_basic, serial_shops, nicolae_shop_bloodbath_and_beyond,
          nicolae_shop_waterfront, nicolae_shop_trees, shop, shop,
          ebering_ghost_reflecting_pool

Skill      XL: |  1  2 |
---------------+-------+-----
Fighting       | 1 |  1.0
Dodging        | 2 |  2.0
Transmutations | 2 |  2.9
Spellcasting   | 2 |  2.0
Unarmed Combat | 3 |  3.3
Maces & Flails | |  0.1

Action                   || total
-------------------------++-------
Melee: Unarmed           ||    71
       Club              ||    11
       Kick              ||    24
       Punch             ||     2
       Headbutt          ||     8
       Short sword       ||    16
 Cast: Beastly Appendage ||    29
 Stab: Sleeping          ||     5
Armor: Robe              ||    28
Dodge: Dodged            ||    65

Table legend: (Time is in decaauts)
 A = Elapsed time spent in this place.
 B = Non-inter-level travel time spent in this place.
 C = Inter-level travel time spent in this place.
 D = Time resting spent in this place.
 E = Time spent auto-exploring this place.
 F = Levels seen in this place.
 G = Mean time per level.
                   A        B        C        D        E       F      G
               +--------+--------+--------+--------+--------+-----+--------+
         Total |   3146 |   2866 |    280 |    883 |   1044 |   3 | 1048.7 |
       Dungeon |   3146 |   2866 |    280 |    883 |   1044 |   3 | 1048.7 |
               +--------+--------+--------+--------+--------+-----+--------+

Top non-repeatable levels by time:
     D:1: 1552 daAuts
     D:2: 1346 daAuts
     D:3: 247 daAuts
